 Dungeon Crawl Stone Soup version 0.28.0-53-g5a82cb258f (webtiles) character file.

Game seed: 11982067916449840349

37 urmum the Poker (level 3, -3/30 HPs)
             Began as a Merfolk Berserker on May 20, 2022.
             Was a Follower of Trog.
             Slain by an iguana (13 damage)
             ... on level 3 of the Dungeon on May 24, 2022.
             The game lasted 00:11:28 (797 turns).

urmum the Poker (Merfolk Berserker)                  Turns: 797, Time: 00:11:28

Health: -3/30      AC:  3    Str: 19    XL:     3   Next: 41%
Magic:  3/3        EV: 13    Int:  6    God:    Trog [*.....]
Gold:   27         SH:  0    Dex: 13    Spells: 2/2 levels left

rFire   . . .      SeeInvis .   a - +0 spear
rCold   . . .      Faith    .   (no shield)
rNeg    . . .      Spirit   .   b - +0 animal skin
rPois   .          Reflect  .   e - +0 helmet
rElec   .          Harm     .   (no cloak)
rCorr   .          Rampage  .   (no gloves)
Will    .....                   (no boots)
Stlth   +.........              (no amulet)
HPRegen 0.10/turn               (no ring)
MPRegen 0.08/turn               (no ring)

@: no status effects
A: (nimble swimmer 2), mertail
a: Renounce Religion, Berserk


You were on level 3 of the Dungeon.
You worshipped Trog.
Trog was aware of your devotion.
You visited 1 branch of the dungeon, and saw 3 of its levels.

You collected 27 gold pieces.

Inventory:

Hand Weapons
 a - a +0 spear (weapon)
Armour
 b - a +0 animal skin (worn)
 e - a +0 helmet (worn)
Scrolls
 c - a scroll of noise {unknown}
 f - a scroll of immolation {unknown}
Potions
 d - a potion of curing {unknown}


   Skills:
 + Level 3.9 Fighting
 + Level 5.2 Polearms
 + Level 1.5 Armour
 + Level 3.1 Dodging


You had 2 spell levels left.
You didn't know any spells.
Your spell library was empty.

Dungeon Overview and Level Annotations

Branches:
Dungeon (3/15)

Altars:

Shops:
D:2 *


Innate Abilities, Weirdness & Mutations

((You are very nimble when in or above water. (Stealth+, EV+, Speed+++)))
Your lower body shifts to a powerful aquatic tail in water.


Message History

Trog says: Kill them all!
Press ? for a list of commands and other information.
You see here a hobgoblin corpse.
An iguana comes into view.
The iguana completely misses you.
You closely miss the iguana. You hit the iguana.
The iguana is moderately wounded.
The iguana bites you.
You barely miss the iguana.
The iguana is moderately wounded.
The iguana barely misses you.
You barely miss the iguana.
The iguana is moderately wounded.
The iguana bites you but does no damage.
You completely miss the iguana.
The iguana is moderately wounded.
The iguana bites you!
You hit the iguana but do no damage.
The iguana is moderately wounded.
You barely miss the iguana.
The iguana is moderately wounded.
The iguana closely misses you.
You closely miss the iguana.
The iguana is moderately wounded.
The iguana bites you but does no damage.
You hit the iguana.
The iguana is heavily wounded.
The iguana misses you.
You barely miss the iguana.
The iguana is heavily wounded.
The iguana misses you.
You hit the iguana.
The iguana is severely wounded.
You hit the iguana but do no damage.
The iguana is severely wounded.
The iguana bites you!
* * * LOW HITPOINT WARNING * * *
The iguana bites you!
You die...

######..#
#..# #..#
#..# #..###
#....#
#†##.#
#.##<##
#..@..#
####l.# #..#
#..# #..#
#######..#
.........#
.########.##
..........#


You could see an iguana.

Vanquished Creatures
  2 adders (D:2)
  A bat (D:1)
  2 endoplasms (D:2)
  A giant cockroach (D:1)
  3 hobgoblins
  2 quokkas
  4 ball pythons
  A frilled lizard (D:2)
  2 rats
18 creatures vanquished.

Notes
Turn   | Place    | Note
-------+----------+-------------------------------------------
     0 | D:1      | urmum the Merfolk Berserker began the quest for the Orb.
     0 | D:1      | Reached XP level 1. HP: 18/18 MP: 1/1
   177 | D:1      | Found a faded altar of an unknown god.
   189 | D:1      | Reached XP level 2. HP: 21/24 MP: 2/2
   310 | D:2      | Reached skill level 5 in Polearms
   310 | D:2      | Reached XP level 3. HP: 15/30 MP: 3/3
   633 | D:2      | Found Mismauz's Assorted Antiques.
   797 | D:3      | Slain by an iguana

Illustrated notes

Levels and vault maps discovered:
D:1:      dpeg_arrival_boxes_within_box, layout_basic,
          chequers_ecumenical_altar_island, minmay_bisected
D:2:      layout_basic, basic_altar, serial_shops, shop
D:3:      layout_loops_ring, uniq_ijyb

Skill      XL: |  1  2 |
---------------+-------+-----
Dodging        | 3 |  3.1
Polearms       | 5 |  5.2
Fighting       | |  3.9
Armour         | |  1.5

Action                   || total
-------------------------++-------
Melee: Spear             ||    80
       Punch             ||     1
Armor: Animal skin       ||    18
Dodge: Dodged            ||    57
